 Dungeon Crawl Stone Soup version 0.29.1-14-g9c671dbff4 (webtiles) character file.

Game seed: 11549211866914199814

27257 wolfrpgdude the Blocker (level 13, -8/174 HPs)
             Began as a Minotaur Fighter on Feb 12, 2023.
             Was a High Priest of the Shining One.
             Mangled by Rupert
             ... wielding a +2 great mace of venom
              (26 damage)
             ... on level 13 of the Dungeon on Feb 14, 2023.
             The game lasted 00:38:25 (12638 turns).

wolfrpgdude the Blocker (Minotaur Fighter)         Turns: 12638, Time: 00:38:25

Health: -8/174     AC: 30    Str: 26    XL:     13   Next: 3%
Magic:  9/12       EV:  2    Int:  5    God:    the Shining One [*****.]
Gold:   957        SH: 24    Dex: 16    Spells: 12/12 levels left

rFire   . . .      SeeInvis .   B - +5 spear (freeze)
rCold   . . .      Faith    .   A - +0 tower shield
rNeg    + + .      Spirit   .   (body armour currently unavailable)
rPois   +          Reflect  .   (helmet currently unavailable)
rElec   .          Harm     .   (cloak currently unavailable)
rCorr   .          Rampage  .   (gloves currently unavailable)
Will    .....      NoTele   +   (boots currently unavailable)
Stlth   +.........              z - amulet of regeneration
HPRegen 1.19/turn               o - +4 ring of protection
MPRegen 0.13/turn               p - +6 ring of dexterity

@: lethally poisoned (-8 -> -20), divinely shielded, tree-form (expiring),
glowing
A: stationary, stasis, torment immunity, boosted hp, (horns 2), (retaliatory
headbutt)
a: Renounce Religion, Divine Shield, Cleansing Flame, Summon Divine Warrior


You were on level 13 of the Dungeon.
You worshipped the Shining One.
The Shining One was extremely pleased with you.
You were a tree.
You visited 1 branch of the dungeon, and saw 13 of its levels.

You collected 957 gold pieces.

Inventory:

Hand Weapons
 B - a +5 spear of freezing (weapon)
Missiles
 a - a throwing net
Armour
 g - a +1 plate armour (melded)
 n - a +1 cloak (melded)
 y - a +0 pair of boots (melded)
 A - a +0 tower shield (worn)
 E - a +0 pair of gloves (melded)
 L - +0 acid dragon scales
Jewellery
 o - a +4 ring of protection (left branch)
 p - a +6 ring of dexterity (right branch)
 z - an amulet of regeneration (around neck)
 F - an amulet of magic regeneration
Wands
 c - a wand of charming (8)
 e - a wand of flame (5) (quivered)
 k - a wand of quicksilver (31)
 G - a wand of polymorph (9)
 H - a wand of roots (11)
 I - a wand of digging (2)
Scrolls
 s - 2 scrolls of fog
 u - 4 scrolls of teleportation
 x - a scroll of amnesia
 C - a scroll of magic mapping
 D - 2 scrolls of immolation
 M - a scroll of fear
Potions
 b - 4 potions of magic
 d - 5 potions of might
 f - 2 potions of brilliance
 h - a potion of ambrosia
 i - 3 potions of cancellation {unknown}
 j - 4 potions of flight
 l - a potion of lignification
 m - a potion of haste {unknown}
 q - 5 potions of curing
 r - 2 potions of mutation {unknown}
 t - a potion of heal wounds
 v - 3 potions of resistance
 w - 2 potions of invisibility {unknown}
 J - 2 potions of attraction {unknown}
 K - a potion of berserk rage {unknown}


   Skills:
 + Level 11.5 Fighting
 + Level 11.3 Long Blades
 + Level 11.5 Polearms
 + Level 12.3 Armour
 + Level 5.5 Dodging
 + Level 3.5 Stealth
 + Level 13.6 Shields
 + Level 0.2 Unarmed Combat
 + Level 1.3 Evocations


You had 12 spell levels left.
You didn't know any spells.
Your spell library contained the following spells:

 Spells                   Type           Power      Damage    Failure   Level
 Freeze                   Ice            0%         1d3       92%         1
 Magic Dart               Conj           0%         1d3       92%         1
 Blink                    Tloc           0%         N/A       98%         2
 Call Imp                 Summ           0%         N/A       98%         2
 Scorch                   Fire           0%         2d5       98%         2
 Searing Ray              Conj           0%         2d4       98%         2
 Sublimation of Blood     Necr           0%         N/A       98%         2
 Wereblood                Tmut           0%         N/A       98%         2
 Conjure Flame            Conj/Fire      0%         6-21      100%        3
 Dazzling Flash           Conj/Hex       0%         N/A       100%        3
 Frozen Ramparts          Ice            0%         1d1       100%        3
 Ignite Poison            Fire/Tmut/Pois 0%         N/A       100%        3
 Lesser Beckoning         Tloc           0%         N/A       100%        3
 Mephitic Cloud           Conj/Pois/Air  0%         N/A       100%        3
 Anguish                  Hex/Necr       0%         N/A       100%        4
 Flame Wave               Conj/Fire      0%         2d4       100%        4
 Fulminant Prism          Conj/Hex       0%         3d6       100%        4
 Hailstorm                Conj/Ice       0%         3d3       100%        4
 Iskenderun's Mystic Bla  Conj/Tloc      0%         2d3       100%        4
 Sticky Flame             Conj/Fire      0%         2d3       100%        4
 Manifold Assault         Tloc           0%         N/A       100%        5
 Starburst                Conj/Fire      0%         6d3       100%        6
 Summon Cactus Giant      Summ           0%         N/A       100%        6
 Enfeeble                 Hex            0%         N/A       100%        7
 Summon Hydra             Summ           0%         N/A       100%        7


Dungeon Overview and Level Annotations

Branches:
Dungeon (13/15)            Temple (0/1) D:7            Lair (0/5) D:8
    Orc (0/2) D:12
 Vaults: D:13-14

Altars:
Ashenzari
Cheibriados
Dithmenos
Gozag
Hepliaklqana
Kikubaaqudgha
Makhleb
Nemelex Xobeh
Qazlal
Ru
Sif Muna
Uskayaw
Wu Jian
Xom
Zin
The Shining One

Shops:
D:7 *   D:8 (*   D:12 [

Annotations:
D:9 3 runed translucent doors, fitz's ghost, journeyman HOFi
D:13 Rupert; Urug


Innate Abilities, Weirdness & Mutations

You are a tree.
Your roots penetrate the ground, keeping you stationary.
You cannot be teleported.
You are immune to unholy pain and torment.
Your maximum health is greatly increased.
Your equipment is partially melded.
((You have a pair of horns on your head.))
((You reflexively headbutt those who attack you in melee.))


Message History

Rupert is heavily wounded.
Rupert hits you with a +2 great mace of venom!
* * * LOW HITPOINT WARNING * * *
You block Urug's attack.
You hit Rupert. You freeze Rupert.
Rupert is heavily wounded.
You block Rupert's attack.
You puncture Rupert! You freeze Rupert.
Rupert is severely wounded.
You block Rupert's attack. You block Urug's attack.
You hit Rupert. You freeze Rupert.
Rupert is severely wounded.
You block Rupert's attack. You block Urug's attack.
You hit Rupert. You freeze Rupert.
Rupert is severely wounded.
Rupert hits you with a +2 great mace of venom.
* * * LOW HITPOINT WARNING * * *
You block Urug's attack.
You puncture Rupert! You freeze Rupert.
Rupert is severely wounded.
Your transformation is almost over.
Rupert hits you with a +2 great mace of venom!
* * * LOW HITPOINT WARNING * * *
Your shield is strengthened by the Shining One's divine power.
You block Rupert's attack. You block Urug's attack.
Rupert hits you with a +2 great mace of venom!
* * * LOW HITPOINT WARNING * * *
Okay, then.
You fail to use your ability.
Rupert hits you but does no damage.
You are poisoned.
Urug hits you but does no damage.
You fail to use your ability.
You feel very sick. You block Rupert's attack.
Urug squints and says, "My one eye mightn't be all that good, but I can see you just fine with it, harpy."
Urug hits you from afar with a +2 demon trident of venom!
* * * LOW HITPOINT WARNING * * *
You are more poisoned.
Rupert hits you with a +2 great mace of venom!!
You die...

####### .......
.....Oo#########
.....Jp@♣......#
....ppp#######.#######
.....p# #.......#
....#. ########.## ...
# .......<.# ..
############.# .
#.......####.#
#......# ########


You could see Rupert (berserk), Urug, a slime creature, a two-headed ogre and 5
humans.

Vanquished Creatures
  Josephine (D:12)
  2 centaur warriors (D:13)
  3 two-headed ogres
  3 manticores
  2 ugly things
  Maurice (D:8)
  3 cyclopes
  2 gargoyles
  Joseph (D:10)
  Maggie (D:7)
  2 kobold demonologists (D:12)
  2 trolls
  A hornet (D:11)
  15 slime creatures
  Sigmund (D:5)
  A shadow (D:11)
  6 wraiths
  A vampire (D:12)
  A wyvern (D:11)
  6 humans (D:13)
  Menkaure (D:7)
  A steam dragon (D:8)
  2 vampire mosquitoes (D:10)
  2 water moccasins (D:9)
  2 acid dragons
  Duvessa (D:6)
  4 orc warriors
  3 black bears
  2 sky beasts
  2 ice beasts
  6 ogres
  13 centaurs
  8 kobold brigands
  Blork the orc (D:4)
  4 gnoll sergeants
  4 bullfrogs
  4 scorpions
  18 wights
  Dowan (D:6)
  3 killer bees (D:9)
  2 electric eels (D:9)
  13 howler monkeys
  11 orc priests
  Crazy Yiuf (D:3)
  10 hounds
  4 jellies
  5 gnoll boudas
  Natasha (thrice) (D:3)
  3 iguanas
  21 orc wizards
  18 gnolls
  12 adders
  A shadow imp (D:7)
  3 white imps
  3 ufetubi (D:5)
  A worm (D:2)
  4 dart slugs
  43 orcs
  5 bats
  5 endoplasms
  4 giant cockroaches
  4 goblins
  4 hobgoblins
  7 jackals
  16 kobolds
  5 quokkas
  8 ball pythons
  4 frilled lizards
  9 rats
366 creatures vanquished.

Vanquished Creatures (others)
  A gnoll (D:7)
  A fungus (D:9)
  9 plants (D:7)
11 creatures vanquished.

Grand Total: 377 creatures vanquished

Notes
Turn   | Place    | Note
-------+----------+-------------------------------------------
     0 | D:1      | wolfrpgdude the Minotaur Fighter began the quest for the
                  | Orb.
     0 | D:1      | Reached XP level 1. HP: 19/19 MP: 0/0
   161 | D:1      | Reached XP level 2. HP: 18/27 MP: 1/1
   183 | D:1      | Found a faded altar of an unknown god.
   417 | D:1      | Reached skill level 4 in Shields
  1018 | D:1      | Reached XP level 3. HP: 19/33 MP: 2/2
  1319 | D:2      | Reached XP level 4. HP: 32/40 MP: 3/3
  1894 | D:3      | Reached skill level 5 in Armour
  2073 | D:3      | Noticed Natasha
  2083 | D:3      | Killed Natasha
  2186 | D:3      | Noticed a scorpion
  2193 | D:3      | Reached XP level 5. HP: 47/47 MP: 4/4
  2510 | D:3      | Found a runed translucent door.
  2512 | D:3      | Noticed Crazy Yiuf
  2567 | D:3      | Noticed Natasha
  2591 | D:3      | Killed Natasha
  2672 | D:3      | Reached skill level 5 in Dodging
  2672 | D:3      | Reached skill level 7 in Shields
  2672 | D:3      | Reached XP level 6. HP: 60/60 MP: 5/5
  2682 | D:3      | Killed Crazy Yiuf
  2789 | D:3      | Noticed Natasha
  2796 | D:3      | Killed Natasha
  2814 | D:4      | Reached XP level 7. HP: 66/66 MP: 6/6
  3190 | D:4      | Found a shadowy altar of Dithmenos.
  3236 | D:4      | Noticed Blork the orc
  3250 | D:4      | Killed Blork the orc
  3362 | D:4      | Found a stormy altar of Qazlal.
  3478 | D:5      | Entered Level 5 of the Dungeon
  3786 | D:5      | Reached skill level 10 in Long Blades
  3796 | D:5      | Identified the +1 robe of Ru {rPois rC+ Str-3 Dex+2}
  3887 | D:5      | Found a broken altar of Ashenzari.
  3899 | D:5      | Noticed Sigmund
  3908 | D:5      | Killed Sigmund
  3909 | D:5      | Reached XP level 8. HP: 61/73 MP: 7/7
  4326 | D:5      | Found a glowing golden altar of the Shining One.
  4333 | D:5      | Became a worshipper of the Shining One
  4479 | D:5      | Found a shimmering blue altar of Sif Muna.
  4944 | D:6      | Reached XP level 9. HP: 68/81 MP: 8/8
  5348 | D:6      | Reached skill level 1 in Polearms
  5382 | D:6      | Noticed Duvessa
  5399 | D:6      | Killed Duvessa
  5400 | D:6      | Noticed Dowan
  5405 | D:6      | Killed Dowan
  5406 | D:6      | Reached skill level 8 in Shields
  5410 | D:6      | Found an ancient bone altar of Kikubaaqudgha.
  5772 | D:6      | Found a hazy altar of Hepliaklqana.
  5941 | D:7      | Reached * piety under the Shining One
  6005 | D:7      | Found an ornate altar of the Wu Jian Council.
  6025 | D:7      | Noticed Maggie
  6037 | D:7      | Killed Maggie
  6045 | D:7      | Found Iclifewur's General Store.
  6649 | D:7      | Reached XP level 10. HP: 67/90 MP: 9/9
  6651 | D:7      | Reached skill level 10 in Armour
  6651 | D:7      | Reached skill level 9 in Shields
  6651 | D:7      | Reached XP level 11. HP: 74/99 MP: 10/10
  6988 | D:7      | Reached ** piety under the Shining One
  7070 | D:7      | Reached skill level 10 in Fighting
  7603 | D:7      | Noticed Menkaure
  7612 | D:7      | Killed Menkaure
  7839 | D:7      | Found a snail-covered altar of Cheibriados.
  7969 | D:7      | Found a staircase to the Ecumenical Temple.
  8187 | D:8      | Reached *** piety under the Shining One
  8285 | D:8      | Reached skill level 10 in Shields
  8383 | D:8      | Found Vuzam's Assorted Antiques.
  8413 | D:8      | Found a staircase to the Lair.
  8548 | D:8      | Noticed Maurice
  8571 | D:8      | Killed Maurice
  8734 | D:8      | Noticed a two-headed ogre
  8740 | D:8      | Killed a two-headed ogre
  8750 | D:8      | Found a burning altar of Makhleb.
  8923 | D:8      | Noticed a cacodemon
  8924 | D:8      | Found a glowing silver altar of Zin.
  8925 | D:8      | Noticed an angel
  8996 | D:8      | Found Meskotirr's Antique Weapon Emporium.
  9343 | D:9      | Found a sacrificial altar of Ru.
  9483 | D:9      | Reached **** piety under the Shining One
  9822 | D:9      | Found a runed translucent gate.
  9822 | D:9      | Found a runed translucent gate.
  9822 | D:9      | Found a runed translucent gate.
  9823 | D:9      | Noticed fitz's ghost (journeyman HOFi)
  9825 | D:9      | Found an opulent altar of Gozag.
  9867 | D:9      | Found a shimmering altar of Xom.
 10171 | D:10     | Entered Level 10 of the Dungeon
 10171 | D:10     | Noticed a +0 dagger
 10173 | D:10     | Noticed a +0 dagger
 10179 | D:10     | Found a hide-covered altar of Uskayaw.
 10476 | D:10     | Noticed Joseph
 10488 | D:10     | Killed Joseph
 10552 | D:10     | Found an opulent altar of Gozag.
 10553 | D:10     | Found a sparkling altar of Nemelex Xobeh.
 10745 | D:10     | Noticed a two-headed ogre
 10756 | D:10     | Killed a two-headed ogre
 10757 | D:10     | Reached skill level 10 in Polearms
 10757 | D:10     | Reached skill level 11 in Shields
 10981 | D:11     | Reached XP level 12. HP: 63/107 MP: 11/11
 11238 | D:11     | You fall into a shaft and drop 2 floors!
 11291 | D:12     | Noticed a two-headed ogre
 11303 | D:12     | Killed a two-headed ogre
 11304 | D:12     | Reached skill level 12 in Shields
 11406 | D:12     | Found Zeime Riozo's Armour Emporium.
 11737 | D:12     | Reached skill level 1 in Evocations
 11901 | D:12     | Found a staircase to the Orcish Mines.
 11935 | D:12     | Reached ***** piety under the Shining One
 12082 | D:12     | Noticed Josephine
 12096 | D:12     | Killed Josephine
 12097 | D:12     | Reached skill level 13 in Shields
 12539 | D:13     | Noticed Rupert
 12548 | D:13     | Noticed a centaur warrior
 12555 | D:13     | Noticed a centaur warrior
 12567 | D:13     | Killed a centaur warrior
 12584 | D:13     | Killed a centaur warrior
 12600 | D:13     | Noticed Urug
 12605 | D:13     | Reached XP level 13. HP: 116/116 MP: 12/12
 12623 | D:13     | HP: 7/174 [Rupert/+2 great mace of venom (22)]
 12638 | D:13     | Mangled by Rupert

Illustrated notes

Levels and vault maps discovered:
D:1:      grunt_arrival_lava_bath, layout_loops_ring,
          ebering_ecumenical_altar_box
D:2:      layout_rooms
D:3:      layout_loops_ring, minmay_liquid_box, minmay_pentomino_pile,
          uniq_crazy_yiuf_cottage, uniq_natasha
D:4:      layout_rooms, nicolae_dithmenos_shadow_blocks, kennysheep_mini_moat,
          minmay_ruptured, uniq_blork_the_orc
D:5:      layout_basic, cheibrodos_ashenzari_chains, lemuel_tele_altar,
          marbit_many_paths, uniq_sigmund
D:6:      layout_basic, lemuel_coloured_pillars_altar,
          kiku_gazebo_garden_becter, minmay_joined_circles, uniq_duvessa
D:7:      lemuel_castle_with_subvaults [lemuel_castle_interior_carwin_3],
          layout_cave_pools, mainiacjoe_overflow_concentric_impassable,
          lemuel_round_altar, minmay_temple_entry_gardened_gates, serial_shops,
          shop, st_stairs_14, grunt_decor_arrowhead, uniq_menkaure, uniq_maggie
D:8:      layout_basic, grunt_temple_overflow_order_and_chaos_2,
          dpeg_oklobed_lair, serial_shops, shop, kennysheep_mini, uniq_maurice
D:9:      layout_grid_maze, nicolae_ru_the_path_less_chosen, tgw_xom,
          ebering_ghost_gozag, water_boxes_lemuel
D:10:     layout_roguey, grunt_temple_overflow_opulence,
          dancing_weapons_uskayaw, uniq_joseph
D:11:     layout_cave_pools
D:12:     layout_irregular_city, orc_0_dummy, serial_shops,
          nicolae_shop_statue_plus, uniq_josephine
D:13:     cheibrodos_tormentor_scu, layout_basic, david_vaults_3, minivault_27

Skill      XL: |  1  2  3  4  5  6  7  8  9 10 11 12 |
---------------+-------------------------------------+-----
Fighting       | 4 7 8 9 10 11 | 11.5
Shields        | 4 7 8 9 11 13 | 13.6
Armour         | 4 5 7 8 9 10 11 12 | 12.3
Long Blades    | 3 9 10 11 | 11.3
Dodging        | 5 |  5.5
Polearms       | 4 6 10 11 | 11.5
Stealth        | 3 |  3.5
Evocations     | 1 |  1.3
Unarmed Combat | |  0.2

Action                   |  1- 3 |  4- 6 |  7- 9 | 10-12 | 13-15 || total
-------------------------+-------+-------+-------+-------+-------++-------
Melee: Long sword        |    76 |    94 |   209 |       |       ||   379
       Headbutt          |     9 |    15 |    81 |   216 |     7 ||   328
       Spear             |       |       |   167 |   803 |    26 ||   996
       Unarmed           |       |       |       |     2 |       ||     2
Invok: Divine Shield     |       |       |       |       |     1 ||     1
Evoke: Wand              |       |       |       |    13 |       ||    13
  Use: Scroll            |     3 |     9 |       |     9 |       ||    21
       Potion            |       |     1 |       |     2 |     5 ||     8
Armor: Scale mail        |    44 |       |       |       |       ||    44
       Plate armour      |       |    71 |   189 |   299 |     1 ||   560
       Skin              |       |       |       |    17 |     5 ||    22
Dodge: Dodged            |    71 |    26 |   120 |   158 |     2 ||   377
Block: Buckler           |    24 |    18 |   105 |    41 |       ||   188
       Tower shield      |       |       |       |   445 |    27 ||   472
